 Dungeon Crawl Stone Soup version 0.28-a0-124-g73ec313a74 (webtiles) character file.

Game seed: 7298480401827037563

111478 Gargoyl the Corrupter of Planes (level 16, -6/141 HPs)
             Began as a Gnoll Abyssal Knight on Aug 15, 2021.
             Was the Champion of Lugonu.
             Killed by divine providence
             ... invoked by an orc priest
              (13 damage)
             ... on level 2 of the Orcish Mines.
             The game lasted 00:40:50 (22581 turns).

Gargoyl the Corrupter of Planes (GnAK)             Turns: 22581, Time: 00:40:51

Health: -6/141     AC: 25    Str: 13    XL:     16   Next: 57%
Magic:  29/30      EV: 11    Int: 25    God:    Lugonu [******]
Gold:   601        SH:  7    Dex: 14    Spells: 36/36 levels left

rFire   + + .      SeeInvis .   a - +7 hand axe (elec)
rCold   + . .      Faith    .   E - +0 buckler
rNeg    + + .      Spirit   .   x - +7 chain mail "Xuynilag" {Contam rElec rPois Dex+3}
rPois   +          Reflect  .   s - +2 helmet
rElec   +          Harm     .   v - scarf {repulsion}
rCorr   .          Rampage  .   B - +2 pair of gloves
Will    +....                   H - +2 pair of boots of Precision Catastrophes {rElec rF+ Str-4}
Stlth   ++........              k - amulet of regeneration
HPRegen 1.33/turn               i - ring "Vyimua" {rN++ Int+6}
MPRegen 0.22/turn               R - ring "Pistraf" {rElec rF+ rC+ Int+5}

@: repel missiles
A: fangs 1, strong nose, distributed training, deformed body, robust 1, sturdy
frame 1
a: Renounce Religion, Depart the Abyss, Bend Space, Banish, Corrupt, Enter the
Abyss, Brand Weapon With Distortion


You were on level 2 of the Orcish Mines.
You worshipped Lugonu.
Lugonu was exalted by your worship.
You visited 3 branches of the dungeon, and saw 23 of its levels.
You visited the Abyss 1 time.

You collected 2001 gold pieces.
You spent 1400 gold pieces at shops.

Inventory:

Hand Weapons
 a - a +7 hand axe of electrocution (weapon)
 m - the +9 whip of Summertime {flame, +Rage}
   (You found it on level 4 of the Dungeon)

   It burns those it strikes, dealing additional fire damage.
   +Rage:     It lets you go berserk.
 J - a +4 war axe
Missiles
 g - 94 poisoned darts (quivered)
 n - 4 throwing nets
Armour
 s - a +2 helmet (worn)
 v - a scarf of repulsion (worn)
 x - the +7 chain mail "Xuynilag" (worn) {Contam rElec rPois Dex+3}
   (You found it on level 6 of the Dungeon)

   Dex:       It affects your dexterity (+3).
   rElec:     It insulates you from electricity.
   rPois:     It protects you from poison.
   Contam:    It causes magical contamination when unequipped.
 B - a +2 pair of gloves (worn)
 E - a +0 buckler (worn)
 H - the +2 pair of boots of Precision Catastrophes (worn) {rElec rF+ Str-4}
   (You found it on level 10 of the Dungeon)

   Str:       It affects your strength (-4).
   rF:        It protects you from fire.
   rElec:     It insulates you from electricity.
Jewellery
 e - a ring of see invisible
 f - a ring of protection from fire
 i - the ring "Vyimua" (left hand) {rN++ Int+6}
   (You found it on level 12 of the Dungeon)

   [ring of intelligence]

   Int:       It affects your intelligence (+6).
   rN:        It greatly protects you from negative energy.
 k - an amulet of regeneration (around neck)
 G - a +4 ring of evasion
 K - a ring of resist corrosion
 Q - a ring of magical power
 R - the ring "Pistraf" (right hand) {rElec rF+ rC+ Int+5}
   (You found it on level 11 of the Dungeon)

   [ring of protection from cold]

   Int:       It affects your intelligence (+5).
   rF:        It protects you from fire.
   rC:        It protects you from cold.
   rElec:     It insulates you from electricity.
Wands
 c - a wand of polymorph (23)
 y - a wand of digging (12)
 C - a wand of paralysis (47)
 D - a wand of iceblast (37)
 L - a wand of charming (8)
 M - a wand of mindburst (31)
 O - a wand of flame (50)
Scrolls
 h - 14 scrolls of teleportation
 r - a scroll of magic mapping
 w - 4 scrolls of fear
 z - 5 scrolls of fog
 A - 7 scrolls of blinking
 I - 14 scrolls of identify
 T - a scroll of enchant armour
Potions
 d - a potion of might
 j - 3 potions of berserk rage
 l - 3 potions of cancellation
 o - 7 potions of curing
 p - 6 potions of lignification
 q - 3 potions of haste
 t - 2 potions of invisibility
 F - 7 potions of flight
 N - 2 potions of brilliance
 P - 2 potions of resistance
 S - 2 potions of mutation
Miscellaneous
 u - a condenser vane


   Skills:
 + Level 12.4 Fighting
 + Level 10.9 Short Blades
 + Level 10.9 Long Blades
 + Level 11.7 Axes
 + Level 10.9 Maces & Flails
 + Level 10.9 Polearms
 + Level 10.9 Staves
 + Level 10.9 Slings
 + Level 10.9 Bows
 + Level 10.9 Crossbows
 + Level 10.9 Throwing
 + Level 11.7 Armour
 + Level 11.2 Dodging
 + Level 10.9 Stealth
 + Level 10.9 Shields
 + Level 10.9 Unarmed Combat
 + Level 10.9 Spellcasting
 + Level 9.2 Conjurations
 + Level 9.2 Hexes
 + Level 9.2 Summonings
 + Level 9.2 Necromancy
 + Level 9.2 Translocations
 + Level 9.2 Transmutations
 + Level 9.2 Fire Magic
 + Level 9.2 Ice Magic
 + Level 9.2 Air Magic
 + Level 9.2 Earth Magic
 + Level 9.2 Poison Magic
 + Level 12.5 Invocations
 + Level 10.9 Evocations


You had 36 spell levels left.
You didn't know any spells.
Your spell library contained the following spells:

 Spells                   Type           Power      Damage    Failure   Level
 Foxfire                  Conj/Fire      100%       2x1d9     1%          1
 Freeze                   Ice            100%       1d11      1%          1
 Magic Dart               Conj           100%       1d8       1%          1
 Summon Small Mammal      Summ           100%       N/A       1%          1
 Call Imp                 Summ           56%        N/A       1%          2
 Slow                     Hex            56%        N/A       1%          2
 Call Canine Familiar     Summ           56%        N/A       2%          3
 Confusing Touch          Hex            56%        N/A       2%          3
 Conjure Flame            Conj/Fire      56%        6-21      2%          3
 Frozen Ramparts          Ice            100%       1d12      2%          3
 Inner Flame              Hex/Fire       56%        N/A       2%          3
 Mephitic Cloud           Conj/Pois/Air  56%        N/A       2%          3
 Portal Projectile        Hex/Tloc       100%       N/A       2%          3
 Stone Arrow              Conj/Erth      100%       3d13      2%          3
 Summon Guardian Golem    Hex/Summ       56%        N/A       2%          3
 Airstrike                Air            28%        N/A       8%          4
 Animate Armour           Summ/Erth      100%       N/A       8%          4
 Fulminant Prism          Conj/Hex       28%        3d14      8%          4
 Hailstorm                Conj/Ice       56%        3d12      8%          4
 Iskenderun's Mystic Bla  Conj/Tloc      56%        2d12      8%          4
 Leda's Liquefaction      Hex/Erth       28%        N/A       8%          4
 Summon Lightning Spire   Summ/Air       56%        N/A       8%          4
 Alistair's Intoxication  Tmut/Pois      37%        N/A       21%         5
 Blade Hands              Tmut           28%        N/A       21%         5
 Bolt of Magma            Conj/Fire/Erth 28%        4d13      21%         5
 Borgnjor's Vile Clutch   Necr/Erth      28%        N/A       21%         5
 Fireball                 Conj/Fire      28%        3d12      21%         5
 Freezing Cloud           Conj/Ice/Air   28%        6-21      21%         5
 Lee's Rapid Deconstruct  Erth           28%        3d16*     21%         5
 Lightning Bolt           Conj/Air       28%        1d44      21%         5
 Yara's Violent Unravell  Hex/Tmut       28%        3d12      21%         5
 Conjure Ball Lightning   Conj/Air       28%        3x3d8     75%         6
 Eringya's Noxious Bog    Tmut/Pois      28%        N/A       75%         6
 Iron Shot                Conj/Erth      28%        9d6       75%         6
 Simulacrum               Ice/Necr       28%        N/A       75%         6
 Starburst                Conj/Fire      28%        8x6d9     75%         6
 Statue Form              Tmut/Erth      37%        N/A       75%         6
 Storm Form               Tmut/Air       28%        N/A       99%         7
 Discord                  Hex            28%        N/A       100%        8
 Disjunction              Tloc           28%        N/A       100%        8
 Ignition                 Fire           28%        3d9       100%        8
 Maxwell's Capacitive Co  Air            28%        ∞         100%        8
 Polar Vortex             Ice            28%        N/A       100%        9
 Shatter                  Erth           28%        3d23*     100%        9


Dungeon Overview and Level Annotations

Branches:
Dungeon (15/15)            Temple (0/1) D:4            Lair (6/6) D:10
 Shoals (0/4) Lair:3        Snake (0/4) Lair:3        Slime (0/5) Lair:6
    Orc (2/2) D:9          Vaults (0/5) D:14         Depths (0/5) D:15
    Elf: Orc:2

Altars:
Gozag
Ru
Sif Muna
Beogh

Shops:
D:1 ?   D:6 *   D:8 *   D:10 [([=[   D:12 [**!   Orc:2 =?

Annotations:
D:14 2 transporters, fjnnd's ghost, journeyman GrEE
Orc:1 1 runed translucent door
Abyss:1 Zandan's ghost, journeyman GrEE


Innate Abilities, Weirdness & Mutations

You have very sharp teeth.
Your uncanny sense of smell can sniff out nearby items.
Your experience applies equally to all skills.
Armour fits poorly on your strangely shaped body.
You are robust. (+10% HP)
Your movements are slightly less encumbered by armour. (ER -2)


Message History

You hit the orc warrior but do no damage.
Lightning courses through the orc warrior!
The orc warrior hits you but does no damage.
The orc warrior closely misses you.
The orc priest mumbles some strange prayers to Beogh against you.
Beogh smites you!
You slash the orc warlord!
Lightning courses through the orc warlord!
The orc warlord is severely wounded.
You hit the orc warrior but do no damage.
You hit the orc warrior.
The orc warrior no longer looks unusually strong.
The orc warlord roars a battlecry!
The orc warrior goes into a battle-frenzy!
The orc warrior barely misses you.
As you read the scroll of teleportation, it crumbles to dust.
You feel strangely unstable. The orc warrior barely misses you.
The orc warrior hits you from afar with a +0 trident!
* * * LOW HITPOINT WARNING * * *
The orc warlord hits you with a +2 vorpal war axe!!
* * * LOW HITPOINT WARNING * * *
x2 You block the orc warrior's attack.
Space bends around you!
You blink.
Your surroundings suddenly seem different.
An orc wizard comes into view. It is wielding a +1 vampiric dagger.
The orc wizard shouts!
An orc comes into view. It is wielding a +0 club.
The orc shouts!
You hear a shout!
An orc wizard comes into view. It is wielding a +0 dagger.
An orc comes into view. It is wielding a +0 dagger.
An orc comes into view. It is wielding a +0 club.
An orc priest comes into view. It is wielding a +0 mace.
An orc comes into view. It is wielding a +0 club.
An orc comes into view. It is wielding a +0 hand axe.
An orc warrior comes into view. It is wielding a +0 battleaxe.
An orc priest comes into view.
It is wielding a +0 flail of protection.
An orc priest comes into view. It is wielding a +0 hand axe.
The orc priest invokes the aid of Beogh against you.
Beogh smites you!
You die...

.)...+ ####.# ∆
oo.o..... #(.#.#
oo.o....##
#.)'.####o8.o.8...8
#..#....+oohoo....
####.####o8o.o8...
.....# o.oo....##
#.#### ooo......##
#....+ #...@..#
#....# ∆ ##.....#
#....# #.....#
....... ##.....#
#+#####. #.....# #
##.o... ##.....
#..... ####


You could see a warg (wandering), 4 orc warriors, 6 orc priests, 3 orc wizards
and 9 orcs.

Vanquished Creatures
  Frances (D:14)
  Gastronok (Lair:2)
  A dire elephant (D:14)
  Azrael (D:14)
  Snorg (D:14)
  Josephine (D:11)
  An ettin (D:11)
  A vault guard (D:14)
  The ghost of HAL9000 the Nimble, a journeyman DrTm of Elyvilon (Lair:2)
  Fannar (D:10)
  5 hydras
  A death knight (D:15)
  4 catoblepae (Lair:6)
  3 boulder beetles
  An anaconda (Lair:6)
  8 two-headed ogres
  12 death yaks
  3 centaur warriors
  A tengu warrior (D:15)
  8 hell knights (D:12)
  A skeletal warrior (D:15)
  A wizard (D:12)
  4 necromancers
  A lindwurm (Lair:6)
  3 manticores
  A deep elf pyromancer (D:14)
  2 wolf spiders (D:14)
  4 orc knights (Orc:2)
  13 ugly things
  2 orc sorcerers
  5 centaur zombies
  3 cyclopes
  A salamander (D:15)
  3 merfolk sirens (Lair:3)
  7 elephants
  6 black mambas
  2 gargoyles
  A torpor snail (Lair:2)
  15 cane toads
  8 komodo dragons
  2 unseen horrors
  3 rime drakes
  3 kobold demonologists (D:14)
  2 freezing wraiths
  6 yaktaurs
  A tengu conjurer (D:15)
  8 trolls
  6 meliai
  A queen bee (Lair:2)
  A merfolk (Lair:3)
  Prince Ribbit (D:7)
  Grinder (D:6)
  A hornet (D:9)
  6 polar bears
  A polar bear (shapeshifter) (D:14)
  7 slime creatures
  9 blink frogs
  Sigmund (D:6)
  4 dream sheep
  2 shadows
  8 wyverns
  A wyvern (shapeshifter) (D:9)
  A fire bat (D:6)
  42 yaks
  7 wraiths
  3 neqoxecs (D:12)
  22 humans (D:14)
  A vampire (D:13)
  8 basilisks
  2 fire elementals (D:14)
  Menkaure (D:6)
  12 vampire mosquitoes
  3 wargs (Orc:2)
  3 acid dragons
  17 water moccasins
  A two-headed ogre zombie (D:9)
  12 hell hounds
  2 black bears
  An ice beast (shapeshifter) (D:13)
  20 orc warriors
  A necrophage (D:5)
  14 ogres
  2 sky beasts
  15 wolves
  10 centaurs
  3 phantoms
  A kobold brigand (D:10)
  A scorpion (D:7)
  11 bullfrogs
  2 gnoll sergeants (D:9)
  A wyvern zombie (D:9)
  A wyvern skeleton (D:7)
  5 troll zombies (D:9)
  26 killer bees (Lair:2)
  5 electric eels
  A howler monkey (D:9)
  2 bullfrog zombies
  2 quasits (D:12)
  7 orc priests
  3 hounds
  2 gnoll shamans
  A bullfrog skeleton (D:6)
  2 jellies (Lair:6)
  Ijyb (D:3)
  2 iguanas
  12 orc wizards
  2 ogre zombies (D:9)
  14 gnolls
  5 adders
  3 dart slugs
  3 worms
  61 orcs
  5 ball pythons
  13 endoplasms
  3 giant cockroaches
  10 hobgoblins
  7 jackals
  3 quokkas
  4 bats
  3 frilled lizards
  4 goblins
  2 hobgoblin skeletons (D:9)
  6 hobgoblin zombies (D:9)
  18 kobolds
  An orc skeleton (D:9)
  16 orc zombies (D:9)
  4 rats
692 creatures vanquished.

Vanquished Creatures (others)
  33 fungi
  49 plants
82 creatures vanquished.

Grand Total: 774 creatures vanquished

Notes
Turn   | Place    | Note
-------+----------+-------------------------------------------
     0 | Abyss:1  | Gargoyl the Gnoll Abyssal Knight began the quest for the
                  | Orb.
     0 | Abyss:1  | Reached XP level 1. HP: 23/23 MP: 3/3
   289 | Abyss:1  | Noticed a wretched star
   294 | Abyss:1  | Noticed a golden eye
   297 | D:1      | Escaped the Abyss
   632 | D:1      | Reached XP level 2. HP: 19/20 MP: 5/5
   671 | D:1      | Reached * piety under Lugonu
   694 | D:1      | Found Eroishrio's Magic Scroll Emporium.
   961 | D:1      | Reached XP level 3. HP: 24/24 MP: 6/6
  1018 | D:1      | Found a faded altar of an unknown god.
  1699 | D:2      | Found a sacrificial altar of Ru.
  2411 | D:2      | Reached skill level 1 in Short Blades
  2411 | D:2      | Reached skill level 1 in Long Blades
  2411 | D:2      | Reached skill level 1 in Maces & Flails
  2411 | D:2      | Reached skill level 1 in Polearms
  2411 | D:2      | Reached skill level 1 in Staves
  2411 | D:2      | Reached skill level 1 in Slings
  2411 | D:2      | Reached skill level 1 in Bows
  2411 | D:2      | Reached skill level 1 in Crossbows
  2411 | D:2      | Reached skill level 1 in Throwing
  2411 | D:2      | Reached skill level 1 in Stealth
  2411 | D:2      | Reached skill level 1 in Shields
  2411 | D:2      | Reached skill level 1 in Unarmed Combat
  2411 | D:2      | Reached skill level 1 in Spellcasting
  2411 | D:2      | Reached skill level 1 in Evocations
  2411 | D:2      | Reached XP level 4. HP: 26/28 MP: 7/7
  2582 | D:2      | Reached ** piety under Lugonu
  3232 | D:3      | Noticed Ijyb
  3243 | D:3      | Killed Ijyb
  3244 | D:3      | Reached skill level 1 in Conjurations
  3244 | D:3      | Reached skill level 1 in Hexes
  3244 | D:3      | Reached skill level 1 in Summonings
  3244 | D:3      | Reached skill level 1 in Necromancy
  3244 | D:3      | Reached skill level 1 in Translocations
  3244 | D:3      | Reached skill level 1 in Transmutations
  3244 | D:3      | Reached skill level 1 in Fire Magic
  3244 | D:3      | Reached skill level 1 in Ice Magic
  3244 | D:3      | Reached skill level 1 in Air Magic
  3244 | D:3      | Reached skill level 1 in Earth Magic
  3244 | D:3      | Reached skill level 1 in Poison Magic
  3268 | D:3      | Found an opulent altar of Gozag.
  3739 | D:4      | Found a staircase to the Ecumenical Temple.
  3761 | D:4      | Identified the +9 whip of Summertime {flame, +Rage}
  3812 | D:4      | Reached XP level 5. HP: 37/37 MP: 8/8
  3958 | D:4      | Noticed an ogre
  3965 | D:4      | Killed an ogre
  3966 | D:4      | Reached skill level 5 in Invocations
  3966 | D:4      | Reached XP level 6. HP: 42/42 MP: 9/9
  4284 | D:5      | Entered Level 5 of the Dungeon
  4320 | D:5      | Reached skill level 5 in Axes
  4320 | D:5      | Reached skill level 5 in Armour
  4337 | D:5      | Noticed a necrophage
  4342 | D:5      | Killed a necrophage
  4423 | D:5      | Reached XP level 7. HP: 60/60 MP: 10/10
  4763 | D:5      | Reached XP level 8. HP: 37/67 MP: 12/12
  5014 | D:6      | Identified a scroll of acquirement
  5014 | D:6      | Acquired a scarf of repulsion
  5052 | D:6      | Identified the +7 chain mail "Xuynilag" {Contam rElec rPois
                  | Dex+3}
  5104 | D:6      | Found a transporter.
  5187 | D:6      | Reached *** piety under Lugonu
  5228 | D:6      | Noticed Sigmund
  5242 | D:6      | Killed Sigmund
  5243 | D:6      | Reached XP level 9. HP: 42/73 MP: 14/14
  5247 | D:6      | Noticed Menkaure
  5281 | D:6      | Killed Menkaure
  5384 | D:6      | Found Seosto's Gadget Gallery.
  5413 | D:6      | Found a transporter.
  5429 | D:6      | Noticed Grinder
  5452 | D:6      | Killed Grinder
  5741 | D:6      | Reached skill level 5 in Dodging
  6092 | D:7      | Noticed Prince Ribbit
  6113 | D:7      | Killed Prince Ribbit
  6459 | D:8      | Noticed a two-headed ogre
  6466 | D:8      | Killed a two-headed ogre
  6467 | D:8      | Reached XP level 10. HP: 66/80 MP: 15/17
  6501 | D:8      | Found Muarhoe's Assorted Antiques.
  6506 | D:8      | Bought a scroll of teleportation for 87 gold pieces
  6506 | D:8      | Bought a scroll of teleportation for 87 gold pieces
  6532 | D:8      | Reached skill level 5 in Short Blades
  6532 | D:8      | Reached skill level 5 in Long Blades
  6532 | D:8      | Reached skill level 5 in Maces & Flails
  6532 | D:8      | Reached skill level 5 in Polearms
  6532 | D:8      | Reached skill level 5 in Staves
  6532 | D:8      | Reached skill level 5 in Slings
  6532 | D:8      | Reached skill level 5 in Bows
  6532 | D:8      | Reached skill level 5 in Crossbows
  6532 | D:8      | Reached skill level 5 in Throwing
  6532 | D:8      | Reached skill level 5 in Stealth
  6532 | D:8      | Reached skill level 5 in Shields
  6532 | D:8      | Reached skill level 5 in Unarmed Combat
  6532 | D:8      | Reached skill level 5 in Spellcasting
  6532 | D:8      | Reached skill level 5 in Evocations
  6984 | D:9      | Identified the ring of Xarimi {Fly rN+ Will+ Str-3 Slay+3}
  7208 | D:9      | Reached **** piety under Lugonu
  7303 | D:9      | Found a staircase to the Orcish Mines.
  7617 | D:9      | Noticed a two-headed ogre
  7634 | D:9      | Killed a two-headed ogre
  7635 | D:9      | Reached XP level 11. HP: 44/87 MP: 19/19
  8081 | D:10     | Entered Level 10 of the Dungeon
  8090 | D:10     | Noticed a two-headed ogre
  8101 | D:10     | Killed a two-headed ogre
  8102 | D:10     | Reached skill level 5 in Conjurations
  8102 | D:10     | Reached skill level 5 in Hexes
  8102 | D:10     | Reached skill level 5 in Summonings
  8102 | D:10     | Reached skill level 5 in Necromancy
  8102 | D:10     | Reached skill level 5 in Translocations
  8102 | D:10     | Reached skill level 5 in Transmutations
  8102 | D:10     | Reached skill level 5 in Fire Magic
  8102 | D:10     | Reached skill level 5 in Ice Magic
  8102 | D:10     | Reached skill level 5 in Air Magic
  8102 | D:10     | Reached skill level 5 in Earth Magic
  8102 | D:10     | Reached skill level 5 in Poison Magic
  8126 | D:10     | Found a staircase to the Lair.
  8176 | D:10     | Found Detzitro's Antique Armour Emporium.
  8184 | D:10     | Bought a pair of runed gloves for 180 gold pieces
  8216 | D:10     | Found Fajiva's Armour Shoppe.
  8270 | D:10     | Found Senuon's Weapon Boutique.
  8288 | D:10     | Noticed an orc sorcerer
  8290 | D:10     | Found a transporter.
  8484 | D:10     | Found Areukk's Antique Armour Emporium.
  8499 | D:10     | Noticed Fannar
  8518 | D:10     | Killed Fannar
  8740 | D:10     | Found a transporter.
  8756 | D:10     | Found Moarunk's Jewellery Shop.
  9039 | D:10     | Reached ***** piety under Lugonu
  9235 | D:10     | Paralysed by an orc sorcerer for 2 turns
  9244 | D:10     | Killed an orc sorcerer
  9300 | D:10     | Identified the +2 pair of boots of Precision Catastrophes
                  | {rElec rF+ Str-4}
  9405 | Lair:1   | Entered Level 1 of the Lair of Beasts
  9542 | Lair:1   | Reached XP level 12. HP: 41/96 MP: 22/22
 10800 | Lair:2   | Reached skill level 10 in Fighting
 10820 | Lair:2   | Found the +8 storm bow {elec, penet}
 11032 | Lair:2   | Noticed Gastronok
 11049 | Lair:2   | Killed Gastronok
 11086 | Lair:2   | You fall into a shaft and drop 1 floor!
 11086 | Lair:3   | Noticed an eight-headed hydra
 11087 | Lair:3   | Banished an eight-headed hydra
 11091 | Lair:3   | Reached XP level 13. HP: 94/103 MP: 19/24
 11108 | Lair:3   | Found a staircase to the Snake Pit.
 11170 | Lair:3   | Found a staircase to the Shoals.
 11337 | Lair:3   | Reached skill level 10 in Invocations
 11612 | Lair:2   | Found a runed translucent door.
 11612 | Lair:2   | Noticed HAL9000's ghost (journeyman DrTm)
 11640 | Lair:2   | Killed HAL9000's ghost
 11827 | Lair:2   | Reached ****** piety under Lugonu
 12818 | Lair:4   | Reached XP level 14. HP: 99/111 MP: 26/26
 13380 | Lair:5   | Reached skill level 10 in Axes
 13380 | Lair:5   | Reached skill level 10 in Armour
 14112 | Lair:6   | Entered Level 6 of the Lair of Beasts
 14114 | Lair:6   | Found a staircase to the Slime Pits.
 16074 | D:11     | Noticed Josephine
 16089 | D:11     | Killed Josephine
 16090 | D:11     | Reached skill level 10 in Dodging
 16288 | D:11     | Identified the ring "Pistraf" {rElec rF+ rC+ Int+5}
 16570 | D:11     | Reached XP level 15. HP: 97/119 MP: 28/28
 16842 | D:11     | Found a runed translucent door.
 16900 | D:11     | Noticed a frost giant
 16914 | D:11     | Banished a frost giant
 17297 | D:12     | Found Caix's Distillery.
 17311 | D:12     | Bought 2 potions of heal wounds for 130 gold pieces
 17311 | D:12     | Bought a potion of resistance for 130 gold pieces
 17364 | D:12     | Found a transporter.
 17365 | D:12     | Noticed Zandan's ghost (journeyman GrEE)
 17402 | D:12     | Found a transporter.
 17468 | D:12     | Found Ifruag's Assorted Antiques.
 17473 | D:12     | Bought a potion of heal wounds for 180 gold pieces
 17473 | D:12     | Bought a scroll of teleportation for 108 gold pieces
 17577 | D:12     | Found Newial's Assorted Antiques.
 17580 | D:12     | Bought a potion of resistance for 290 gold pieces
 17739 | D:12     | Found Xuoxups's Antique Armour Shop.
 18037 | D:12     | Reached skill level 10 in Short Blades
 18037 | D:12     | Reached skill level 10 in Long Blades
 18037 | D:12     | Reached skill level 10 in Maces & Flails
 18037 | D:12     | Reached skill level 10 in Polearms
 18037 | D:12     | Reached skill level 10 in Staves
 18037 | D:12     | Reached skill level 10 in Slings
 18037 | D:12     | Reached skill level 10 in Bows
 18037 | D:12     | Reached skill level 10 in Crossbows
 18037 | D:12     | Reached skill level 10 in Throwing
 18037 | D:12     | Reached skill level 10 in Stealth
 18037 | D:12     | Reached skill level 10 in Shields
 18037 | D:12     | Reached skill level 10 in Unarmed Combat
 18037 | D:12     | Reached skill level 10 in Spellcasting
 18037 | D:12     | Reached skill level 10 in Evocations
 18243 | D:12     | Gained mutation: You occasionally shout uncontrollably at
                  | your foes. [a neqoxec]
 18244 | D:12     | Gained mutation: You are clumsy. (Dex -2) [a neqoxec]
 18245 | D:12     | Gained mutation: You are weak. (Str -2) [a neqoxec]
 18265 | D:12     | Banished Zandan's ghost
 18274 | D:12     | Identified the ring "Vyimua" {rN++ Int+6}
 18407 | D:12     | Bought a potion of mutation for 104 gold pieces
 18407 | D:12     | Bought a potion of mutation for 104 gold pieces
 18407 | D:12     | Lost mutation: You are clumsy. (Dex -2) [potion of
                  | mutation]
 18407 | D:12     | Lost mutation: You occasionally shout uncontrollably at
                  | your foes. [potion of mutation]
 18407 | D:12     | Lost mutation: You are weak. (Str -2) [potion of mutation]
 18407 | D:12     | Gained mutation: You are weak. (Str -2) [potion of
                  | mutation]
 18407 | D:12     | Gained mutation: You do not regenerate when monsters are
                  | visible. [potion of mutation]
 18407 | D:12     | Gained mutation: Armour fits poorly on your strangely
                  | shaped body. [potion of mutation]
 18407 | D:12     | Gained mutation: Your movements are slightly less
                  | encumbered by armour. (ER -2) [potion of mutation]
 18408 | D:12     | Lost mutation: You are weak. (Str -2) [potion of mutation]
 18408 | D:12     | Gained mutation: Your magical capacity is low. (-10% MP)
                  | [potion of mutation]
 19094 | D:13     | Found a shimmering blue altar of Sif Muna.
 19391 | D:14     | Found a transporter.
 19391 | D:14     | Noticed fjnnd's ghost (journeyman GrEE)
 19406 | D:14     | Found a transporter.
 19479 | D:14     | Noticed Azrael
 19488 | D:15     | Entered Level 15 of the Dungeon
 19565 | D:14     | Noticed Frances
 19593 | D:14     | Killed Frances
 19878 | D:14     | Noticed Snorg
 19976 | D:14     | Lost mutation: You do not regenerate when monsters are
                  | visible. [potion of mutation]
 19976 | D:14     | Lost mutation: Your magical capacity is low. (-10% MP)
                  | [potion of mutation]
 19976 | D:14     | Gained mutation: You are robust. (+10% HP) [potion of
                  | mutation]
 20165 | D:14     | Killed Azrael
 20176 | D:14     | Killed Snorg
 20294 | D:14     | Reached XP level 16. HP: 139/139 MP: 30/30
 20527 | D:14     | Found a gate to the Vaults.
 21060 | D:15     | Found a staircase to the Depths.
 21683 | Orc:1    | Entered Level 1 of the Orcish Mines
 21716 | Orc:1    | Found a runed translucent door.
 21718 | Orc:1    | You fall into a shaft and drop 1 floor!
 21718 | Orc:2    | Entered Level 2 of the Orcish Mines
 21774 | Orc:2    | Found Laruts's Jewellery Boutique.
 21827 | Orc:2    | Found Veqir's Magic Scroll Shop.
 22579 | Orc:2    | HP: 6/141 [orc warlord (7)]
 22581 | Orc:2    | Killed from afar by an orc priest

Illustrated notes

Levels and vault maps discovered:
D:1:      kilobyte_arrival_exit_the_forest, layout_loops_corners,
          shapermc_ecumenical_altar_notcrosses, serial_shops, shop
D:2:      layout_basic, basic_altar, grunt_ministairs_10
D:3:      layout_basic, nicolae_gozag_seed_capital, uniq_ijyb
D:4:      layout_rooms, minmay_temple_entry_statues_fountains,
          serial_bayou_pond_a, mrwooster_statue_mirror
D:5:      layout_cave_pools, serial_co_window_serial, co_window_cross_1,
          co_window_corner_a, co_window_paths_a, co_window_paths_a,
          co_window_paths_b, co_window_cross_4, co_window_corner_cb,
          co_window_of_opportunity_b, co_window_corner_b, co_window_broadway_b,
          co_window_of_opportunity_c, co_window_paths_c, glass_columns_a,
          glass_columns_a
D:6:      gammafunk_cloud_chamber, layout_basic, serial_park_tiny_pond,
          nicolae_shop_gadgets, uniq_sigmund, uniq_menkaure, uniq_grinder
D:7:      layout_basic, uniq_prince_ribbit1
D:8:      layout_basic, serial_shops, shop, nicolae_wwwww
D:9:      minmay_opposing_rooms, layout_long_grid, zombieorc2_lemuel,
          palyth_stone_intersect
D:10:     gammafunk_beogh_shrine, layout_loops_ring, lair_entry_dummy,
          serial_shops, shop, nicolae_shop_waterfront, nicolae_shop_statue_plus,
          shop, nicolae_inconvenience_store, st_stairs_3, uniq_fannar
D:11:     layout_gridville, minivault_13, uniq_josephine
D:12:     layout_roguey, serial_shops, nicolae_square_shop,
          nicolae_shop_behind_doors, shop, shop, gammafunk_ghost_stat_death,
          minmay_rotating_lava
D:13:     layout_roguey, minivault_16, minivault_4,
          nicolae_sif_muna_little_library
D:14:     layout_basic, grunt_vaults_entry_tiered, gammafunk_ghost_arena,
          uniq_azrael, uniq_frances, uniq_snorg
D:15:     hangedman_depths_entry_try_elsewhere_first, layout_rooms,
          minmay_misc_feat_hallway
Lair:1:   layout_chaotic_city
Lair:2:   regret_index_combs_of_tragedy, layout_regular_city,
          ebering_ghost_inner_flame, st_stairs_11, lemuel_fruit_tree,
          serial_bayou_shore_a, uniq_gastronok
Lair:3:   layout_big_grid, elwin_shoals_entry_stream, dummy_snake_entry,
          grunt_megastairs_1
Lair:4:   layout_cave_shapes, serial_bayou_pond_c
Lair:5:   layout_cellular_growth, chequers_serial_rivers_large_b
Lair:6:   evilmike_catoblepas_cave, layout_regular_city,
          minmay_slime_entry_pillars, disabler_island
Orc:1:    layout_caves, lightli_church_of_beogh, uniq_nergalle
Orc:2:    pubby_orc_utopia

Skill      XL: |  1  2  3  4  5  6  7  8  9 10 11 12 13 14 15 16 |
---------------+-------------------------------------------------+-----
Short Blades   | 1 2 3 4 5 6 7 8 9 10 | 10.9
Long Blades    | 1 2 3 4 5 6 7 8 9 10 | 10.9
Maces & Flails | 1 2 3 4 5 6 7 8 9 10 | 10.9
Polearms       | 1 2 3 4 5 6 7 8 9 10 | 10.9
Staves         | 1 2 3 4 5 6 7 8 9 10 | 10.9
Slings         | 1 2 3 4 5 6 7 8 9 10 | 10.9
Bows           | 1 2 3 4 5 6 7 8 9 10 | 10.9
Crossbows      | 1 2 3 4 5 6 7 8 9 10 | 10.9
Throwing       | 1 2 3 4 5 6 7 8 9 10 | 10.9
Stealth        | 1 2 3 4 5 6 7 8 9 10 | 10.9
Shields        | 1 2 3 4 5 6 7 8 9 10 | 10.9
Unarmed Combat | 1 2 3 4 5 6 7 8 9 10 | 10.9
Spellcasting   | 1 2 3 4 5 6 7 8 9 10 | 10.9
Evocations     | 1 2 3 4 5 6 7 8 9 10 | 10.9
Conjurations   | 1 2 3 4 5 6 7 8 9 |  9.2
Hexes          | 1 2 3 4 5 6 7 8 9 |  9.2
Summonings     | 1 2 3 4 5 6 7 8 9 |  9.2
Necromancy     | 1 2 3 4 5 6 7 8 9 |  9.2
Translocations | 1 2 3 4 5 6 7 8 9 |  9.2
Transmutations | 1 2 3 4 5 6 7 8 9 |  9.2
Fire Magic     | 1 2 3 4 5 6 7 8 9 |  9.2
Ice Magic      | 1 2 3 4 5 6 7 8 9 |  9.2
Air Magic      | 1 2 3 4 5 6 7 8 9 |  9.2
Earth Magic    | 1 2 3 4 5 6 7 8 9 |  9.2
Poison Magic   | 1 2 3 4 5 6 7 8 9 |  9.2
Dodging        | 3 4 5 6 7 8 9 10 11 | 11.2
Invocations    | 5 6 7 8 9 10 11 12 | 12.5
Axes           | 5 6 7 8 9 10 11 | 11.7
Armour         | 5 6 7 8 9 10 11 | 11.7
Fighting       | 7 8 9 10 11 12 | 12.4

Action                   |  1- 3 |  4- 6 |  7- 9 | 10-12 | 13-15 | 16-18 || total
-------------------------+-------+-------+-------+-------+-------+-------++-------
Melee: Hand axe          |   141 |    67 |    38 |   624 |  1263 |   474 ||  2607
       Bite              |     5 |     9 |    26 |    59 |   175 |    60 ||   334
       Whip              |       |    50 |   144 |       |    31 |    14 ||   239
       Unarmed           |       |     2 |       |       |       |       ||     2
       Punch             |       |       |     1 |     4 |       |       ||     5
Throw: Dart              |       |     9 |     5 |    15 |    18 |     2 ||    49
Invok: Depart the Abyss  |     1 |       |       |       |       |       ||     1
       Bend Space        |       |       |       |     1 |     3 |     1 ||     5
       Banish            |       |       |       |     1 |     9 |       ||    10
Evoke: Wand              |       |       |       |       |    16 |       ||    16
  Use: Scroll            |     3 |     8 |    15 |     6 |     9 |     2 ||    43
       Potion            |       |       |     1 |     3 |    18 |     2 ||    24
 Stab: Petrified         |       |       |       |       |     8 |       ||     8
       Petrifying        |       |       |       |       |     2 |       ||     2
       Sleeping          |       |       |       |       |     1 |     5 ||     6
       Distracted        |       |       |       |       |       |     1 ||     1
Armor: Ring mail         |    59 |    46 |    25 |       |       |       ||   130
       Chain mail        |       |       |    98 |   526 |   877 |   280 ||  1781
Dodge: Dodged            |    67 |    68 |    79 |   292 |   489 |   224 ||  1219
       Repelled          |       |       |       |     5 |     8 |     1 ||    14
Block: Buckler           |       |       |       |   191 |   378 |   167 ||   736

Table legend: (Time is in decaauts)
 A = Elapsed time spent in this place.
 B = Non-inter-level travel time spent in this place.
 C = Inter-level travel time spent in this place.
 D = Time resting spent in this place.
 E = Time spent auto-exploring this place.
 F = Levels seen in this place.
 G = Mean time per level.
                   A        B        C        D        E       F      G
               +--------+--------+--------+--------+--------+-----+--------+
         Total |  22186 |  20987 |   1199 |   1307 |  13961 |  24 |  924.4 |
       Dungeon |  14591 |  13623 |    968 |   1067 |   9153 |  15 |  972.7 |
          Lair |   6467 |   6236 |    231 |    208 |   4138 |   6 | 1077.8 |
  Orcish Mines |    831 |    831 |      0 |     32 |    397 |   2 |  415.5 |
         Abyss |    297 |    297 |      0 |      0 |    272 |   1 |  297.0 |
               +--------+--------+--------+--------+--------+-----+--------+

Top non-repeatable levels by time:
  Lair:6: 1732 daAuts
  Lair:2: 1482 daAuts
    D:14: 1388 daAuts
    D:10: 1359 daAuts
     D:1: 1323 daAuts
    D:12: 1318 daAuts
     D:9: 1218 daAuts
    D:11: 1170 daAuts
     D:2: 1117 daAuts
  Lair:5: 1018 daAuts
     D:3: 989 daAuts
  Lair:3: 831 daAuts
   Orc:2: 801 daAuts
    D:13: 780 daAuts
    D:15: 771 daAuts
